AoeStats
← KingRiles

Arena

509718240Analyzed
4v4 RM · 3d ago on Sep 27, 2026· 53m 36s· 8 players
Game mode
Random Map
Map size
Large (8 player)
Population
200
Speed
Normal
Resources
Standard
Victory
Conquest
Starting age
Dark Age
Ending age
Imperial Age
RankedLock teamsTeams togetherTeam positionsShared explorationLock speedFull tech treeHidden civsTurbo modeCheats
Victory
Defeat
🇩🇪 Gurjaras · Germany
1020
+14
🇲🇽 Portuguese · Mexico
990
+15
🇨🇳 Franks · China
959
+17
🇫🇷 Celts · France
911
+18
🇺🇸 Malay · United States
1060
-19
🇺🇸 Aztecs · United States
964
-16
🇺🇸 Celts · United States
937
-15
🇺🇸 Wu · United States
924
-14
Kalsou
0:33 Loom
13:37 Feudal Age
14:31 Horse Collar
15:28 Wheelbarrow
14:45 Double-Bit Axe
14:53 Gold Mining
14:57 Stone Mining
22:32 Castle Age
20:32 Fletching
21:21 Town Watch
23:25 Bodkin Arrow
24:07 Gold Shaft Mining
24:24 Bow Saw
24:59 Heavy Plow
25:38 Stone Shaft Mining
26:23 Hand Cart
31:24 Ballistics
31:00 Murder Holes
31:15 Fortified Wall
31:16 Masonry
32:16 Town Patrol
35:54 Imperial Age
34:59 Forging
34:55 Scale Barding Armor
34:51 Scale Mail Armor
34:15 Pikeman
34:40 Gambesons
34:41 Arson
35:01 Stronghold
37:02 Iron Casting
36:48 Chain Barding Armor
36:31 Husbandry
35:52 Light Cavalry
37:38 Chemistry
36:24 Arrowslits
37:48 Conscription
37:33 Heavy Scorpion
43:10 Furor Celtica
44:23 Hussar
46:27 Blast Furnace
45:42 Chain Mail Armor
49:50 Plate Mail Armor
50:00 Siege Engineers
51:45 Elite Woad Raider
Pandinus
0:43 Loom
10:50 Feudal Age
17:04 Castle Age
15:11 Double-Bit Axe
15:33 Horse Collar
16:58 Gold Mining
17:48 Bloodlines
17:38 Stone Mining
18:37 Husbandry
20:45 Wheelbarrow
20:44 Town Watch
23:03 Scale Barding Armor
27:10 Chain Barding Armor
27:52 Bow Saw
27:49 Heavy Plow
28:50 Kshatriyas
32:55 Imperial Age
30:37 Fletching
31:01 Fortified Wall
30:44 Light Cavalry
31:11 Treadmill Crane
32:06 Hand Cart
32:31 Gold Shaft Mining
32:35 Masonry
32:33 Bodkin Arrow
32:45 Town Patrol
33:43 Stone Shaft Mining
33:41 Forging
33:54 Ballistics
34:14 Crop Rotation
34:47 Conscription
34:56 Caravan
37:08 Frontier Guards
37:59 Hoardings
38:44 Plate Barding Armor
38:15 Murder Holes
39:26 Iron Casting
38:57 Hussar
40:44 Bracer
41:26 Elite Shrivamsha Rider
44:23 Heavy Camel Rider
49:10 Elite Chakram Thrower
54:33 Architecture
子薄
11:25 Feudal Age
15:10 Castle Age
14:09 Double-Bit Axe
16:16 Bow Saw
23:28 Wheelbarrow
27:05 Hand Cart
27:09 Scale Barding Armor
27:15 Forging
27:13 Gold Mining
27:13 Stone Mining
30:19 Imperial Age
28:34 Gold Shaft Mining
28:41 Gold Shaft Mining
28:12 Loom
31:25 Chivalry
31:45 Conscription
32:33 Chemistry
30:59 Cavalier
31:39 Husbandry
31:56 Paladin
33:16 Chain Barding Armor
33:32 Iron Casting
34:58 Plate Barding Armor
R_FACELESS
7:14 Loom
9:33 Feudal Age
10:12 Double-Bit Axe
17:55 Castle Age
19:16 Bow Saw
27:11 Imperial Age
24:55 Horse Collar
25:08 Gold Mining
26:24 Wheelbarrow
28:56 Chemistry
28:07 Heavy Plow
29:39 Two-Man Saw
28:44 Stone Mining
30:54 Conscription
31:15 Stone Shaft Mining
30:26 Town Watch
31:27 Hand Cart
31:08 Fletching
31:57 Fortified Wall
33:01 Arquebus
34:22 Masonry
34:21 Town Patrol
35:29 Bodkin Arrow
36:06 Architecture
36:34 Bracer
36:27 Sappers
36:18 Elite Organ Gun
40:31 Fervor
40:36 Block Printing
43:05 Guilds
45:44 Circumnavigation
45:51 Circumnavigation
46:32 Padded Archer Armor
46:43 Forging
46:34 Scale Mail Armor
46:41 Siege Engineers
47:06 Architecture
46:57 Ballistics
46:33 Murder Holes
47:57 Atonement
48:34 Iron Casting
48:15 Leather Archer Armor
48:23 Bombard Tower
47:53 Guard Tower
48:51 Pikeman
49:17 Arson
50:33 Blast Furnace
49:49 Chain Mail Armor
49:39 Scale Barding Armor
49:29 Heated Shot
49:20 Treadmill Crane
50:27 Coinage
49:58 Caravan
50:00 Halberdier
50:01 Man-at-Arms
50:26 Gambesons
51:19 Long Swordsman
52:39 Keep
52:23 Capped Ram
54:15 Plate Mail Armor
54:15 Ring Archer Armor
54:06 Chain Barding Armor
53:12 Onager
KingRiles
12:13 Feudal Age
14:33 Double-Bit Axe
14:47 Horse Collar
17:12 Castle Age
18:59 Bow Saw
24:15 Loom
26:02 Wheelbarrow
26:14 Town Watch
27:42 Hand Cart
28:26 Town Patrol
29:40 Heavy Plow
32:28 Imperial Age
30:42 Forging
30:32 Scale Mail Armor
30:36 Gold Mining
30:51 Arson
31:07 Squires
30:28 Eagle Warrior
31:58 Iron Casting
32:44 Ballistics
32:05 Treadmill Crane
32:23 Murder Holes
33:41 Garland Wars
33:51 Conscription
33:43 Elite Eagle Warrior
34:50 Chain Mail Armor
35:38 Gold Shaft Mining
35:19 Pikeman
43:28 Blast Furnace
42:58 Plate Mail Armor
43:32 Siege Engineers
44:28 Chemistry
CodyWyoming82414
10:54 Feudal Age
12:12 Loom
14:54 Castle Age
13:40 Double-Bit Axe
13:48 Horse Collar
20:43 Bow Saw
23:28 Fletching
24:55 Bodkin Arrow
26:00 Stone Mining
26:44 Padded Archer Armor
26:55 Scale Barding Armor
27:35 Wheelbarrow
27:00 Gold Mining
28:10 Red Cliffs Tactics
30:11 Chain Barding Armor
29:52 Padded Archer Armor
30:33 Forging
30:58 Heavy Plow
32:19 Leather Archer Armor
32:59 Bloodlines
32:50 Husbandry
32:11 Light Cavalry
35:19 Iron Casting
35:10 Ballistics
34:31 Treadmill Crane
35:02 Masonry
34:48 Murder Holes
39:10 Imperial Age
37:12 Hand Cart
36:43 Town Watch
37:11 Pikeman
37:52 Squires
37:38 Arson
39:42 Elite Fire Archer
40:44 Conscription
41:22 Gold Shaft Mining
41:23 Stone Shaft Mining
40:56 Bracer
41:38 Plate Barding Armor
42:05 Hussar
43:34 Sitting Tiger
53:31 Blast Furnace
KingClueless
10:59 Feudal Age
15:48 Castle Age
15:27 Double-Bit Axe
19:28 Horse Collar
27:35 Imperial Age
27:24 Forging
27:14 Scale Mail Armor
27:47 Bow Saw
27:39 Gambesons
27:43 Arson
28:57 Conscription
28:49 Capped Ram
29:29 Man-at-Arms
29:30 Pikeman
30:53 Gold Mining
31:39 Wheelbarrow
32:20 Heavy Plow
32:12 Siege Ram
32:45 Long Swordsman
34:33 Hand Cart
36:11 Two-Handed Swordsman
36:11 Halberdier
36:37 Elite Woad Raider
39:03 Iron Casting
38:28 Scale Mail Armor
39:57 Onager
40:26 Loom
40:29 Town Watch
42:01 Heavy Scorpion
43:17 Elite Skirmisher
45:03 Town Patrol
47:35 Champion
Shadow 00 Fox
12:04 Feudal Age
12:32 Loom
15:44 Castle Age
13:51 Double-Bit Axe
14:17 Horse Collar
16:16 Bow Saw
18:18 Squires
19:15 Heavy Plow
21:52 Stone Mining
22:57 Gold Mining
22:59 Town Watch
26:13 Scale Barding Armor
28:03 Wheelbarrow
27:57 Forging
28:18 Husbandry
29:40 Iron Casting
34:01 Imperial Age
31:52 Hand Cart
34:31 Blast Furnace
34:04 Conscription
33:54 Elite Battle Elephant
34:35 Fletching
34:37 Arson
34:38 Elite Karambit Warrior
35:55 Bodkin Arrow
35:25 Man-at-Arms
41:46 Masonry
41:18 Treadmill Crane
42:37 Bracer
43:01 Ballistics
43:42 Chemistry
42:52 Light Cavalry
Connection lost

Rejoining the realm…

Still unreachable

The connection could not be restored.

Session expired

The server has moved on; the page needs a fresh start.